 Dungeon Crawl Stone Soup version 0.30.1-11-g7821555f0a (webtiles) character file.

Game seed: 14446921871510174872

0 CaptainMV the Sneak (level 1, -1/15 HPs)
             Began as a Naga Wanderer on Nov 7, 2023.
             Killed from afar by a dart slug (3 damage)
             ... with a slug dart
             ... on level 1 of the Dungeon.
             The game lasted 00:01:45 (105 turns).

CaptainMV the Sneak (Naga Wanderer)                  Turns: 105, Time: 00:01:46

Health: -1/15      AC:  1    Str: 16    XL:     1   Next: 10%
Magic:  1/1        EV:  9    Int:  9    God:
Gold:   23         SH:  0    Dex: 11    Spells: 0/0 levels left

rFire   . . .        a - +0 dagger
rCold   . . .        i - orb {light}
rNeg    . . .        h - +0 leather armour
rPois   +            (no helmet)
rElec   .            (no cloak)
rCorr   .            (no gloves)
SInv    +            (no barding)
Will    .....        (no amulet)
Stlth   +            (no ring)
HPRegen 0.22/turn    (no ring)
MPRegen 0.07/turn

%: no passive effects
@: glowing, very slow
A: AC +0, large, see invisible, deformed body, poison resistance, slowness 2,
spit poison 1, naga tail 1
a: Spit Poison


You were on level 1 of the Dungeon.
You visited 1 branch of the dungeon, and saw 1 of its levels.

You collected 23 gold pieces.

Inventory:

Hand Weapons
 a - a +0 dagger (weapon)
 b - a +0 sling
 f - a +0 dagger
Missiles
 c - a datura-tipped dart
 d - 2 atropa-tipped darts (quivered)
 e - 9 poisoned darts
Armour
 h - a +0 leather armour (worn)
 i - an orb of light (worn)
Scrolls
 g - 2 scrolls of teleportation


   Skills:
 + Level 2.7 Ranged Weapons
 + Level 1.0 Throwing
 + Level 1.0 Armour
 + Level 5.8 Stealth
 + Level 1.0 Evocations


You couldn't memorise any spells.
You didn't know any spells.
Your spell library was empty.

Dungeon Overview and Level Annotations

Branches:
Dungeon (1/15)

Altars:


Innate Abilities, Weirdness & Mutations

Your serpentine skin is tough. (AC +0)
You have supernaturally acute eyesight. (SInv)
Armour fits poorly on your strangely shaped body.
Your system is resistant to poisons. (rPois)
You cover ground very slowly.
You can spit poison.
You have a snake-like lower body.


Message History

You now have 23 gold pieces (gained 12).
j - a scroll labelled ATO MINEIBIAQ
As you read the scroll labelled ATO MINEIBIAQ, it crumbles to dust.
It is a scroll of identify.
You don't currently have any unidentified items.
A dart slug comes into view.
The dart slug launches a dart at you. The slug dart hits you.
Found a dagger.
You hit the dart slug but do no damage. The dart slug launches a dart at you.
The slug dart hits you.
You hit the dart slug but do no damage. The dart slug launches a dart at you.
The slug dart hits you.
You hit the dart slug.
The dart slug is moderately wounded.
You hit the dart slug.
The dart slug is heavily wounded.
The dart slug bites you.
* * * LOW HITPOINT WARNING * * *
You hit the dart slug but do no damage.
The dart slug is heavily wounded.
The dart slug launches a dart at you. The slug dart misses you.
You hit the dart slug but do no damage.
The dart slug is heavily wounded.
The dart slug bites you.
* * * LOW HITPOINT WARNING * * *
You hit the dart slug.
The dart slug is severely wounded.
You hit the dart slug but do no damage.
The dart slug is severely wounded.
The dart slug bites you.
* * * LOW HITPOINT WARNING * * *
You hit the dart slug but do no damage.
The dart slug is severely wounded.
The dart slug launches a dart at you. The slug dart hits you.
You die...

#. #...# #.###.##.
#.##.#.## #.....##.
#.......###^#######.
#..........# ##
#....##.#### #....#
.# #....# .#
#.#.###.# # #..@..).#
..... ###w##### ..
..### ... ... ### #
#.#.# .... #.. #...
.. #.#.##.# .#. .#.
......# #... ...
.......
#.#.###############.#
...#.#.#.#.#.#.#.#..


You could see a dart slug.

Vanquished Creatures
  A rat (D:1)
1 creature vanquished.

Notes
Turn   | Place    | Note
-------+----------+-------------------------------------------
     0 | D:1      | CaptainMV the Naga Wanderer began the quest for the Orb.
     0 | D:1      | CaptainMV set off with the following items: a +0 dagger, 2
                  | atropa-tipped darts, a datura-tipped dart, a +0 sling, 9
                  | poisoned darts, a +0 dagger, a scroll of teleportation, a
                  | +0 leather armour.
     0 | D:1      | Reached XP level 1. HP: 15/15 MP: 1/1
   105 | D:1      | Killed from afar by a dart slug

Illustrated notes

Levels and vault maps discovered:
D:1:      co_arrival_square_in_a_square_in_a_square, layout_loops_cross,
          shapermc_ecumenical_altar_pompeii, st_stairs_9

Action                     || total
---------------------------++-------
  Melee: Dagger            ||    10
    Use: Scroll            ||     1
   Stab: Sleeping          ||     1
  Dodge: Dodged            ||     1
